 Dungeon Crawl Stone Soup version 0.27-a0-1147-gb3d8e82157 (webtiles) character file.

Game seed: 2757283182837581579

652 dolemite99 the Slasher (level 7, -9/52 HPs)
             Began as a Demonspawn Monk on May 11, 2021.
             Was a Plaything of Xom.
             Mangled by a hornet zombie (10 damage)
             ... on level 5 of the Dungeon.
             The game lasted 00:06:13 (4961 turns).

dolemite99 the Slasher (Demonspawn Monk)            Turns: 4961, Time: 00:06:13

Health: -9/52      AC:  5    Str: 13    XL:     7   Next: 28%
Magic:  7/7        EV: 13    Int: 12    God:    Xom [..*...]
Gold:   125        SH:  0    Dex: 15    Spells: 6/6 levels left

rFire    . . .     SeeInvis .   a - +0 falchion
rCold    . . .     Faith    .   (no shield)
rNeg     . . .     Spirit   .   h - +0 ring mail
rPois    .         Reflect  .   (no helmet)
rElec    .         Harm     .   (no cloak)
rCorr    .         Rampage  .   (no gloves)
Will     .....                  (no boots)
Stlth    +.........             (no amulet)
HPRegen  0.17/turn              (no ring)
MPRegen  0.10/turn              (no ring)

@: studying Dodging
A: repulsion field 1, powered by death 3
a: Renounce Religion


You were on level 5 of the Dungeon.
You worshipped Xom.
You were a toy of Xom.
You visited 2 branches of the dungeon, and saw 6 of its levels.

You collected 125 gold pieces.

Inventory:

Hand Weapons
 a - a +0 falchion (weapon)
 b - a +0 fustibalus
Missiles
 i - 70 stones (quivered)
 j - 11 arrows
 o - 10 sling bullets
 p - 14 poisoned darts
Armour
 h - a +0 ring mail (worn)
 n - a +0 robe
Jewellery
 e - a ring of fire
Wands
 g - a wand of digging (6)
 l - a wand of iceblast (5)
Scrolls
 d - a scroll of noise
 f - a scroll of vulnerability


   Skills:
 - Level 3.0 Fighting
 + Level 7.8 Long Blades
 - Level 2.6 Dodging
 - Level 1.7 Stealth


You had 6 spell levels left.
You didn't know any spells.
Your spell library contained the following spells:

 Spells                   Type           Power      Damage    Failure   Level
 Summon Small Mammal      Summ           0%         N/A       58%         1
 Call Imp                 Summ           0%         N/A       73%         2
 Call Canine Familiar     Summ           0%         N/A       91%         3
 Summon Guardian Golem    Hex/Summ       0%         N/A       91%         3
 Summon Ice Beast         Ice/Summ       0%         N/A       100%        4
 Summon Lightning Spire   Summ/Air       0%         N/A       100%        4


Dungeon Overview and Level Annotations

Branches:
Dungeon (5/15)             Temple (1/1) D:4

Altars:
Ashenzari
Cheibriados
Elyvilon
Fedhas
Kikubaaqudgha
Makhleb
Nemelex Xobeh
Okawaru
Qazlal
Ru
Sif Muna
Trog
Vehumet
Xom
Yredelemnul
Zin

Annotations:
D:3 exclusion: downstairs
D:4 Grinder


Innate Abilities, Weirdness & Mutations

You are surrounded by a mild repulsion field. (EV +2)
You regenerate a lot of health from kills.


Message History

The hornet zombie is lightly damaged.
The hornet zombie hits you!
You emit a cloud of colourful smoke!
You hit the hornet zombie.
The hornet zombie is lightly damaged.
The hornet zombie closely misses you. The hornet zombie hits you!
* * * LOW HITPOINT WARNING * * *
You hit the hornet zombie.
The hornet zombie is moderately damaged.
The hornet zombie closely misses you.
You hit the hornet zombie but do no damage.
The hornet zombie is moderately damaged.
The hornet zombie hits you but does no damage.
You feel much better. The hornet zombie hits you!
You barely miss the hornet zombie.
The hornet zombie is moderately damaged. "Hum-dee-hum-dee-hum..."
The hornet zombie seems to speed up.
The hornet zombie misses you. The hornet zombie hits you!
You hit the hornet zombie.
The hornet zombie is moderately damaged.
The hornet zombie hits you!
* * * LOW HITPOINT WARNING * * *
The hornet zombie hits you but does no damage.
You hit the hornet zombie but do no damage.
The hornet zombie is moderately damaged.
Xom plays with reality for a moment.
The hornet zombie hits you!
* * * LOW HITPOINT WARNING * * *
The hornet zombie hits you but does no damage.
You hit the hornet zombie.
The hornet zombie is moderately damaged.
The hornet zombie hits you but does no damage.
Your bat barely misses the hornet zombie.
As you read the scroll of fear, it crumbles to dust.
You assume a fearsome visage.
The hornet zombie is unaffected.
Your bat closely misses the hornet zombie.
The hornet zombie hits you!
You die...
Xom chortles!

.# ##..# #####
.###[..########...# ############
...........)......# #.Z.........
.......####.####..###.##.#####..
.......# ..... #....#.##.#
.......#..[....#....).##.#
.......#.......#.§.[.....#
####...^..._...#.§....##.#
......[#.......#@b..#......
#####Z.#.......#Z#.####### #
#..# ..... #.#... #..# #####
#......# #... ..####.# .....
#.####.# .. ..... #.##Z. . ...
....g. #.##.# ....
#.##.#.#........##


You could see a hornet zombie (fast, ally target) and a friendly bat (summoned).

Vanquished Creatures
  Duvessa (D:5)
  A black bear (D:2)
  An ogre (D:5)
  Dowan (D:5)
  A water moccasin skeleton (D:5)
  A bullfrog zombie (D:5)
  A centaur zombie (D:5)
  A jelly (D:4)
  Ijyb (D:3)
  A hound zombie (D:5)
  A gnoll (D:5)
  3 adders
  An adder skeleton (D:5)
  A worm (D:3)
  4 dart slugs
  3 orcs
  3 endoplasms
  2 giant cockroaches (D:2)
  3 goblins
  9 hobgoblins
  10 jackals
  A quokka (D:1)
  A ball python (D:2)
  7 bats
  6 frilled lizards
  4 kobolds
  7 rats
76 creatures vanquished.

Vanquished Creatures (collateral kills)
  A scorpion zombie (D:5)
1 creature vanquished.

Vanquished Creatures (others)
  A bullfrog zombie (D:5)
  11 withered plants
12 creatures vanquished.

Grand Total: 89 creatures vanquished

Notes
Turn   | Place    | Note
-------+----------+-------------------------------------------
     0 | D:1      | dolemite99 the Demonspawn Monk began the quest for the Orb.
     0 | D:1      | Reached XP level 1. HP: 18/18 MP: 1/1
     2 | D:1      | Noticed a minotaur
     4 | D:1      | Noticed an ogre
     4 | D:1      | Noticed a centaur
     6 | D:1      | Noticed a troll
     8 | D:1      | Noticed a spriggan
     8 | D:1      | Noticed a demonspawn
    10 | D:1      | Noticed a barachi
    10 | D:1      | Noticed a vampire
    12 | D:1      | Noticed an elf
    12 | D:1      | Noticed a vine stalker
    14 | D:1      | Noticed a dwarf
    14 | D:1      | Noticed a palentonga
    16 | D:1      | Noticed a gargoyle
    18 | D:1      | Noticed a naga
    18 | D:1      | Noticed a felid
    20 | D:1      | Noticed a human
    20 | D:1      | Noticed a merfolk
    22 | D:1      | Noticed a ghoul
    22 | D:1      | Noticed an octopode
    24 | D:1      | Noticed a tengu
    24 | D:1      | Noticed a demigod
    26 | D:1      | Noticed a draconian
    26 | D:1      | Noticed a formicid
   130 | D:1      | Reached skill level 3 in Long Blades
   140 | D:1      | Gained mutation: You are surrounded by a mild repulsion
                  | field. (EV +2) [demonic ancestry]
   140 | D:1      | Reached XP level 2. HP: 10/24 MP: 2/2
   370 | D:1      | Found a faded altar of an unknown god.
   388 | D:1      | Became a worshipper of Xom of Chaos
   898 | D:1      | Reached XP level 3. HP: 17/29 MP: 3/3
  1164 | D:2      | Noticed a black bear
  1171 | D:2      | XOM: potion effect (invisibility)
  1175 | D:2      | Xom revived you
  1176 | D:2      | Killed a black bear
  1177 | D:2      | Reached skill level 5 in Long Blades
  1177 | D:2      | Gained mutation: You regenerate a little health from kills.
                  | [demonic ancestry]
  1177 | D:2      | Reached XP level 4. HP: 6/35 MP: 4/4
  1178 | D:2      | XOM: silly message
  1727 | D:2      | Gained mutation: You regenerate health from kills. [demonic
                  | ancestry]
  1727 | D:2      | Reached XP level 5. HP: 41/41 MP: 5/5
  2159 | D:3      | XOM: stealth player
  2191 | D:3      | XOM: divination: detect creatures
  2305 | D:3      | Found an ancient bone altar of Kikubaaqudgha.
  2308 | D:3      | XOM: 4-stop teleportation journey
  2572 | D:3      | XOM: 1-stop teleportation journey
  2573 | D:3      | Noticed Grinder
  2581 | D:4      | XOM: repel stairs
  2582 | D:4      | XOM: swap monsters
  2586 | D:4      | XOM: summons 3 hostile demons
  2589 | D:4      | XOM: confusion
  2601 | D:4      | XOM: noise
  2788 | D:3      | XOM: draining
  2817 | D:3      | XOM: 2-stop teleportation journey
  2943 | D:3      | Noticed Ijyb
  2971 | D:3      | XOM: noise
  2980 | D:3      | Killed Ijyb
  3690 | D:4      | XOM: scenery: create altars
  3715 | D:4      | Reached skill level 6 in Long Blades
  3830 | D:4      | XOM: 1-stop teleportation journey
  3876 | D:4      | XOM: scenery: summon butterflies
  3910 | D:4      | Found a staircase to the Ecumenical Temple.
  3966 | Temple   | Entered the Ecumenical Temple
  4131 | Temple   | XOM: god gift: potion of haste
  4194 | Temple   | XOM: god gift: wand of iceblast (9)
  4256 | D:4      | Paralysed by Grinder for 4 turns
  4277 | D:5      | Entered Level 5 of the Dungeon
  4277 | D:5      | Noticed Duvessa
  4277 | D:5      | Noticed Dowan
  4340 | D:5      | Noticed an ogre
  4342 | D:5      | XOM: fog
  4353 | D:5      | Killed an ogre
  4354 | D:5      | Reached XP level 6. HP: 46/47 MP: 6/6
  4361 | D:5      | Identified a scroll of acquirement
  4369 | D:5      | Acquired a manual of Dodging
  4417 | D:5      | XOM: 1-stop teleportation journey
  4509 | D:5      | XOM: god gift: scroll labelled BANINW GAUDASI {god gift}
  4510 | D:5      | XOM: divine lightning
  4529 | D:5      | XOM: 7-stop teleportation journey
  4540 | D:5      | Found a radiant altar of Vehumet.
  4603 | D:5      | Reached skill level 7 in Long Blades
  4928 | D:5      | XOM: summons friendly shadow imp
  4946 | D:5      | Killed Dowan
  4947 | D:5      | Gained mutation: You regenerate a lot of health from kills.
                  | [demonic ancestry]
  4947 | D:5      | Reached XP level 7. HP: 43/52 MP: 7/7
  4950 | D:5      | Killed Duvessa
  4952 | D:5      | XOM: smoke on damage
  4957 | D:5      | XOM: enchant monster (bad)
  4959 | D:5      | XOM: cast spell 'Summon Small Mammal'
  4959 | D:5      | HP: 1/52 [hornet zombie (7)]
  4961 | D:5      | Mangled by a hornet zombie

Illustrated notes

Levels and vault maps discovered:
D:1:      kb_arrival_jail, layout_rooms, basic_ecumenical_altar,
          minmay_misc_feat_doors
D:2:      layout_loops_ring
D:3:      layout_rooms, kiku_gazebo_garden_becter, uniq_grinder, uniq_ijyb
D:4:      layout_loops_corners, minmay_temple_entry_hall,
          nicolae_ossuary_entry_monument, minmay_misc_feat_nine_boxes,
          moated_statue
D:5:      layout_loops_cross, overflow_temple_1_default, lemuel_tele_altar,
          serial_shops, shop, serial_undead, serial_undead_b, serial_undead_f,
          serial_undead_d, serial_undead_d, minmay_misc_feat_x, uniq_duvessa
Temple:   dshaligram_water_room_temple

Skill      XL: |  1  2  3  4  5  6 |
---------------+-------------------+-----
Long Blades    | 3 5 6 7 |  7.8
Fighting       | |  3.0
Dodging        | |  2.6
Stealth        | |  1.7

Action                   |  1- 3 |  4- 6 |  7- 9 || total
-------------------------+-------+-------+-------++-------
Melee: Falchion          |    93 |   233 |     9 ||   335
 Fire: Fustibalus        |       |     5 |       ||     5
Throw: Stone             |       |    22 |       ||    22
Evoke: Wand              |       |     6 |     4 ||    10
  Use: Potion            |       |     9 |     1 ||    10
       Scroll            |       |     6 |     1 ||     7
 Stab: Sleeping          |     5 |       |       ||     5
       Invisible         |     1 |     2 |       ||     3
       Confused          |       |     1 |       ||     1
Armor: Robe              |    17 |       |       ||    17
       Ring mail         |     5 |    63 |     4 ||    72
Dodge: Dodged            |   119 |   156 |     5 ||   280
       Rpst.: Falchion   |    30 |    49 |     2 ||    81

Table legend: (Time is in decaauts)
 A = Elapsed time spent in this place.
 B = Non-inter-level travel time spent in this place.
 C = Inter-level travel time spent in this place.
 D = Time resting spent in this place.
 E = Time spent auto-exploring this place.
 F = Levels seen in this place.
 G = Mean time per level.
                   A        B        C        D        E       F      G
               +--------+--------+--------+--------+--------+-----+--------+
         Total |   4948 |   4799 |    149 |   1855 |   1951 |   6 |  824.7 |
       Dungeon |   4703 |   4554 |    149 |   1679 |   1899 |   5 |  940.6 |
        Temple |    244 |    244 |      0 |    176 |     52 |   1 |  244.0 |
               +--------+--------+--------+--------+--------+-----+--------+

Top non-repeatable levels by time:
     D:3: 1318 daAuts
     D:1: 1138 daAuts
     D:2: 1036 daAuts
     D:5: 607 daAuts
     D:4: 604 daAuts
  Temple: 244 daAuts
